 Dungeon Crawl Stone Soup version 0.27-a0-1434-g6f15984924 (webtiles) character file.

Game seed: 12577765925686142382

4 vajakki the Charlatan (level 1, 0/16 HPs)
             Began as a Palentonga Artificer on July 3, 2021.
             Frozen to death by an endoplasm (3 damage)
             ... on level 1 of the Dungeon.
             The game lasted 00:00:34 (198 turns).

vajakki the Charlatan (Palentonga Artificer)         Turns: 198, Time: 00:00:35

Health: 0/16       AC:  4    Str: 15    XL:     1   Next: 50%
Magic:  1/1        EV:  9    Int: 11    God:
Gold:   0          SH:  0    Dex: 10    Spells: 0/0 levels left

rFire    . . .     SeeInvis +   a - +0 club
rCold    . . .     Faith    .   (no shield)
rNeg     . . .     Spirit   .   b - +0 leather armour
rPois    .         Reflect  .   (no helmet)
rElec    .         Harm     .   (no cloak)
rCorr    .         Rampage  .   (no gloves)
Will     .....                  (no barding)
Stlth    +.........             (no amulet)
HPRegen  0.05/turn              (no ring)
MPRegen  0.07/turn              (no ring)

@: no status effects
A: large, rugged brown scales 3, see invisible, deformed body, roll 1, armoured
tail
a: Rolling Charge


You were on level 1 of the Dungeon.
You visited 1 branch of the dungeon, and saw 1 of its levels.

Inventory:

Hand Weapons
 a - a +0 club (weapon)
Armour
 b - a +0 leather armour (worn)
Wands
 c - a wand of flame (15) (quivered)
 d - a wand of charming (15)
Miscellaneous
 e - a piece from Xom's chessboard (15/15)


   Skills:
 + Level 1.1 Fighting
 + Level 1.6 Armour
 + Level 0.9 Dodging
 - Level 0.5 Stealth
 + Level 2.7 Evocations


You couldn't memorise any spells.
You didn't know any spells.
Your spell library was empty.

Dungeon Overview and Level Annotations

Branches:
Dungeon (1/15)

Altars:


Innate Abilities, Weirdness & Mutations

You are completely covered in rugged brown scales. (AC +3, +7% HP)
You have supernaturally acute eyesight. (SInv)
Armour fits poorly on your strangely shaped body.
You can roll at nearby foes to attack.
You have a long armoured tail.


Message History

The hobgoblin closely misses you.
You closely miss the hobgoblin. You tail-slap the hobgoblin.
You kill the hobgoblin!
You see here a hobgoblin corpse.
You see here 17 bolts.
You start resting.
HP restored.
A goblin comes into view. It is wielding a +0 dagger.
The goblin shouts!
You closely miss the goblin. The goblin hits you with a +0 dagger.
You closely miss the goblin. The goblin hits you but does no damage.
You hit the goblin.
The goblin is moderately wounded.
The goblin barely misses you.
You miss the goblin. You tail-slap the goblin.
You kill the goblin!
You see here a +0 dagger.
An endoplasm comes into view.
A hobgoblin comes into view.
The endoplasm quivers.
The hobgoblin shouts!
You hit the endoplasm.
The endoplasm is moderately wounded.
The endoplasm freezes you.
You are frozen.
You hit the endoplasm.
The endoplasm is almost dead.
The endoplasm freezes you.
You are frozen.
You barely miss the endoplasm.
The endoplasm is almost dead.
The hobgoblin barely misses you. The endoplasm barely misses you.
The endoplasm freezes you.
You are frozen.
The hobgoblin hits you.
* * * LOW HITPOINT WARNING * * *
You hit the endoplasm but do no damage.
The endoplasm is almost dead.
The endoplasm freezes you.
You are frozen.
You die...

... .. #####.. #.....##
#. #...... #.#
###.....####.# #.#
#.....Jg.....# #.#
#.....@# ##### #..
#......##### #.<.###..
#..........#≈ ##.##≈≈..
#......###.#≈≈♣#'#♣≈≈..
#......# #.♣≈≈≈≈≈≈≈≈≈.#
######## #.#≈≈P#.#P≈≈##
#.#≈≈##.##♣≈.#
#.####...###..
#.##########.#


You could see an endoplasm and a hobgoblin.

Vanquished Creatures
  An endoplasm (D:1)
  A goblin (D:1)
  A hobgoblin (D:1)
3 creatures vanquished.

Notes
Turn   | Place    | Note
-------+----------+-------------------------------------------
     0 | D:1      | vajakki the Palentonga Artificer began the quest for the
                  | Orb.
     0 | D:1      | Reached XP level 1. HP: 16/16 MP: 1/1
   198 | D:1      | Frozen to death by an endoplasm

Illustrated notes

Levels and vault maps discovered:
D:1:      sevenhm_arrival_forest_fort_small_4, layout_basic

Action                   || total
-------------------------++-------
Melee: Club              ||    11
       Tailslap          ||     3
Armor: Leather armour    ||     2
Dodge: Dodged            ||     5

Table legend: (Time is in decaauts)
 A = Elapsed time spent in this place.
 B = Non-inter-level travel time spent in this place.
 C = Inter-level travel time spent in this place.
 D = Time resting spent in this place.
 E = Time spent auto-exploring this place.
 F = Levels seen in this place.
 G = Mean time per level.
                   A        B        C        D        E       F      G
               +--------+--------+--------+--------+--------+-----+--------+
         Total |    205 |    205 |      0 |     54 |    120 |   1 |  205.0 |
       Dungeon |    205 |    205 |      0 |     54 |    120 |   1 |  205.0 |
               +--------+--------+--------+--------+--------+-----+--------+

Top non-repeatable levels by time:
     D:1: 205 daAuts
